 Dungeon Crawl Stone Soup version 0.31-a0-1074-g0b22e4e0f1 (webtiles) character file.

Game seed: 15841735520727521957

2012 ytrimaz the Mimic (level 9, -3/39 HPs)
             Began as a Spriggan Shapeshifter on Dec 5, 2023.
             Was a Believer of Dithmenos.
             Killed from afar by Maggie (27 damage)
             ... with a bolt of fire
             ... on level 9 of the Dungeon on Dec 6, 2023.
             The game lasted 00:12:42 (7294 turns).

ytrimaz the Mimic (Spriggan Shapeshifter)           Turns: 7294, Time: 00:12:42

Health: -3/39      AC:  4    Str: 10    XL:     9   Next: 2%
Magic:  10/10      EV: 23    Int: 11    God:    Dithmenos [**....]
Gold:   806        SH:  0    Dex: 19    Spells: 8/8 levels left

rFire   . .          .
                       - Unarmed
rCold   . . .        (no shield)
rNeg    . . .        a - melded +0 animal skin
rPois   .            (helmet restricted)
rElec   .            (no cloak)
rCorr   .            (gloves unavailable)
SInv    +            (boots unavailable)
Will    +....        z - amulet of regeneration
Stlth   ++           w - +4 ring of protection
HPRegen 1.06/turn    (no ring)
MPRegen 0.12/turn

%: no passive effects
@: maw-form, wreathed by umbra, very quick
A: devouring maw, reduced hp, very small, no large weapons, unfitting armour,
see invisible, speed 3
a: Begin Untransformation, Renounce Religion, Shadow Step


You were on level 9 of the Dungeon.
You worshipped Dithmenos.
Dithmenos was pleased with you.
You were a creature with a mouth for a stomach.
You visited 1 branch of the dungeon, and saw 9 of its levels.
You also visited: Ossuary.

You collected 806 gold pieces.


Innate Abilities, Weirdness & Mutations

You are a creature with a mouth for a stomach.
Your midsection houses a second, enormous mouth.
Your maximum health is decreased, since you lack skill for your form.
You are very small and have problems with some larger weapons.
You are too small for most types of armour.
You have supernaturally acute eyesight. (SInv)
You cover ground extremely quickly. (Speed+++)


   Skills:
 - Level 0.7 Fighting
 + Level 8.8 Dodging
 - Level 6.0 Unarmed Combat
 + Level 9.8 Shapeshifting


You had 8 spell levels left.
You didn't know any spells.
Your spell library contained the following spells:

 Spells                   Type           Power      Damage    Failure   Level
 Ozocubu's Armour         Ice            0%         N/A       71%         3
 Ozocubu's Refrigeration  Ice            0%         4d7       100%        7

Inventory:

Armour
 a - a +0 animal skin (melded)
Jewellery
 w - a +4 ring of protection (left hand)
   (You found it on level 5 of the Dungeon)
 z - an amulet of regeneration (around neck)
   (You found it on level 6 of the Dungeon)
 A - an amulet of guardian spirit
   (You found it on level 8 of the Dungeon)
 D - a ring of fire
   (You took it off a centaur on level 8 of the Dungeon)
Talismans
 c - a beast talisman
 d - a flux talisman
 n - a maw talisman (active)
   (You found it on level 5 of the Dungeon)
Wands
 v - a wand of digging (6)
   (You found it on level 8 of the Dungeon)
 y - a wand of quicksilver (8)
   (You found it on level 6 of the Dungeon)
Scrolls
 e - 2 scrolls of noise {unknown}
 f - 3 scrolls of enchant weapon {unknown}
 g - 6 scrolls of fear {unknown}
 i - a scroll of vulnerability {unknown}
 j - a scroll of silence {unknown}
 k - 2 scrolls of identify
 l - 4 scrolls of teleportation
 m - 4 scrolls of amnesia
 o - 2 scrolls of revelation {unknown}
 r - a scroll of torment {unknown}
 s - a scroll of immolation {unknown}
 t - 3 scrolls of blinking {unknown}
 u - a scroll of brand weapon {unknown}
 x - a scroll of enchant armour {unknown}
 B - 2 scrolls of poison {unknown}
Potions
 b - 2 potions of lignification
 h - 4 potions of curing
 p - 2 potions of enlightenment
 q - a potion of invisibility
 C - a potion of attraction {unknown}

Dungeon Overview and Level Annotations

Branches:
Dungeon (9/15) Zot: 26991  Temple (0/1) D:7         Ossuary (visited)
   Lair: D:8-11         Orc: D:9-12

Altars:
Ashenzari
Cheibriados
Dithmenos
Elyvilon
Hepliaklqana
Nemelex Xobeh
Okawaru
Ru
Uskayaw
Xom
The Shining One

Shops:
D:3 [   D:7 (

Annotations:
D:7 2 runed translucent doors, hgbash's ghost, novice VSSh
D:9 Maggie

#.# #.
..##.
##....
.g...
#...
#...
#.@##
#..W#
#...#
#.).#
##.<#
#..#
#...
#...#
##..#
#..#


You could see Maggie and a goblin.


Message History

Your hp is fully restored (37).
The centaur misses you. The centaur closely misses you.
The centaur misses you. x2
You hit the centaur. The centaur barely misses you. x2
You hit the centaur.
You kill the centaur!
Dithmenos accepts your kill.
You have reached level 9!
Your experience leads to an increase in your attributes!
Increase (S)trength, (I)ntelligence, or (D)exterity?
You feel agile. x2 ๐Ÿ˜Ž HP[+3] MP[+1]
You now have 40 max hp (+3).
Your hp is fully restored (40).
Your mp is fully restored (10).
Okay, then.
Okay, then.
D - a ring of fire You see here a +0 orcbow.
You see here 6 javelins.
You open the gate.
An iron imp comes into view.
The iron imp shouts!
Found a snail-covered altar of Cheibriados.
An iron imp is nearby!
An iron imp is nearby!
An iron imp is nearby!
You begin transforming.
You continue transforming. x3
Your transformation has ended.
You turn into a creature with a mouth for a stomach.
Your +0 animal skin melds into your body. ๐Ÿ˜Ž HP[-1]
You now have 39 max hp (-1).
Unknown command.
Unknown command.
You hit the iron imp. You bite the iron imp!
You kill the iron imp!
Dithmenos accepts your kill.
There is an open gate here.
No target in view!
No target in view!
There is an open gate here.
You see here 6 javelins.
There is an open door here.
Key pressed, stopping explore.
You see here a +0 pair of gloves.
Key pressed, stopping explore.
Items here: ( )))) [[ รท.
Things that are here:
a +0 dagger; a +0 flail; an orc skeleton Key pressed, stopping explore.
Key pressed, stopping explore.
Key pressed, stopping explore.
A malevolent force fills the Dungeon...
With a horrendous wail, an alarm goes off!
A sentinel's mark forms upon you. As you open the door, it creaks loudly!
There is an open door here.
t - 3 scrolls labelled FATOKHE SIGAXTY (gained 1) Key pressed, stopping explore.
The sentinel's mark upon you fades away.
Done exploring.
Done exploring.
Done exploring.
Done exploring.
Done exploring.
There is an open door here.
There is an escape hatch in the ceiling here.
There is a stone staircase leading down here.
You climb downwards.
You hear the roar of battle.
There is an entrance to a bailey on this level.
Hurry and find it before the portal closes forever!
Maggie shouts!
There is a stone staircase leading up here.
Maggie is nearby!
Maggie barely misses you.
You barely miss Maggie. You bite Maggie. Maggie completely misses you.
You completely miss Maggie. You bite Maggie, but do no damage.
Maggie closely misses you.
You hit Maggie but do no damage. You bite Maggie. Maggie closely misses you.
You hit Maggie. Maggie gestures at you while chanting.
The bolt of fire hits you!!
Ouch! That really hurt!
* * * LOW HITPOINT WARNING * * *
You hear a shout! ๐Ÿ˜จ HP[-29]
You take 29 damage, and now have 10/39 hp.
MASSIVE DAMAGE!! (PAUSE)
You hit Maggie. You bite Maggie, but do no damage.
Maggie closely misses you. ๐Ÿ˜จ HP[+1] Unknown command.
You hit Maggie. You bite Maggie.
Maggie completely misses you. ๐Ÿ˜จ HP[+1] Unknown command.
You feel better.
A goblin comes into view.
Maggie says, "Fear not.
I will immortalize you in the tale of my first kill."
Maggie gestures at you while chanting. The bolt of fire hits you!!
Ouch! That really hurt!
You die...

Skill      XL: |  1  2  3  4  5  6  7  8 |
---------------+-------------------------+-----
Unarmed Combat | 3 5 6 |  6.0
Shapeshifting  | 5 6 8 9 |  9.8
Dodging        | 3 6 8 |  8.8
Fighting       | |  0.7

Action                     |  1- 3 |  4- 6 |  7- 9 || total
---------------------------+-------+-------+-------++-------
  Melee: Unarmed           |   114 |    93 |   356 ||   563
         Punch             |     1 |     2 |    17 ||    20
         Maw               |       |       |     6 ||     6
    Use: Potion            |       |     6 |     4 ||    10
         Scroll            |       |       |     8 ||     8
   Stab: Sleeping          |     4 |     3 |     4 ||    11
         Invisible         |       |       |     4 ||     4
 Armour: Animal skin       |    30 |    13 |    99 ||   142
         Skin              |       |    27 |     2 ||    29
  Dodge: Dodged            |    80 |    54 |   339 ||   473
   Form: Beast             |       |     3 |       ||     3
                           |       |     2 |       ||     2
         Maw               |       |       |     1 ||     1

Levels and vault maps discovered:
D:1:      dpeg_arrival_short_road, layout_basic
D:2:      layout_basic, basic_altar
D:3:      layout_loops_ring, lemuel_crystal_altar,
          lemuel_coloured_pillars_altar, shapermc_ecumenical_altar_rom_forum,
          serial_shops, nicolae_shop_behind_doors, bh_walls_and_bars,
          uniq_grinder
D:4:      layout_loops_ring, kennysheep_mini, uniq_edmund
D:5:      layout_basic
D:6:      layout_loops_ring, mainiacjoe_overflow_two_lobes, uniq_jeremiah
D:7:      layout_loops_ring, nicolae_hepliaklqana_monster_ancestors,
          nicolae_tso_carved_into_rock, minmay_temple_entry_large_hall,
          serial_shops, shop, ebering_ghost_disaster_area
D:8:      layout_basic, nicolae_ashenzari_skybound, slow_altar_2,
          mainiacjoe_overflow_tiny_flanked, nicolae_elyvilon_peaceful_grove,
          enter_ossuary_3
D:9:      layout_cave_pods, mainiacjoe_overflow_boulevard, lair_entry_dummy,
          enter_bailey_5, uniq_maggie

Notes
Turn   | Place    | Note
-------+----------+-------------------------------------------
     0 | D:1      | ytrimaz the Spriggan Shapeshifter began the quest for the
                  | Orb.
     0 | D:1      | Reached XP level 1. HP: 9/9 MP: 2/2
     0 | D:1      | magus.rc [v1.9.6]
   159 | D:1      | Reached XP level 2. HP: 14/14 MP: 3/3
   326 | D:1      | You fall into a shaft and drop 1 floor!
   577 | D:1      | Reached skill level 3 in Unarmed Combat
   632 | D:1      | Reached XP level 3. HP: 17/17 MP: 4/4
  1200 | D:2      | Reached skill level 5 in Shapeshifting
  1389 | D:2      | HP: 4/17 [worm (4)]
  1600 | D:2      | Reached XP level 4. HP: 21/21 MP: 5/5
  1689 | D:2      | Found an iron altar of Okawaru.
  2113 | D:3      | Found a shadowy altar of Dithmenos.
  2120 | D:3      | Became a worshipper of Dithmenos the Shadowed
  2525 | D:3      | Noticed Grinder
  2529 | D:3      | Paralysed by Grinder for 5 turns
  2538 | D:3      | Paralysed by Grinder for 4 turns
  2542 | D:3      | Killed Grinder
  2543 | D:3      | Reached skill level 5 in Unarmed Combat
  2543 | D:3      | Reached XP level 5. HP: 25/25 MP: 6/6
  2543 | D:3      | Reached XP level 6. HP: 29/29 MP: 7/7
  2593 | D:3      | Found Isorr's Armour Emporium.
  3034 | D:4      | Noticed Edmund
  3072 | D:4      | Killed Edmund
  3073 | D:4      | Reached skill level 6 in Shapeshifting
  3330 | D:4      | Found a sacrificial altar of Ru.
  3644 | D:5      | Entered Level 5 of the Dungeon
  3704 | D:5      | Reached skill level 3 in Dodging
  3704 | D:5      | Reached XP level 7. HP: 32/32 MP: 8/8
  3907 | D:5      | Reached * piety under Dithmenos
  3979 | D:5      | HP: 8/32 [sleepcap (10)]
  4155 | D:5      | Reached skill level 4 in Dodging
  4210 | D:5      | magus.rc [v1.9.6]
  4210 | D:5      | magus.rc [v1.9.6]
  4599 | D:6      | Reached skill level 6 in Unarmed Combat
  4599 | D:6      | Reached skill level 7 in Shapeshifting
  4974 | D:6      | Reached skill level 5 in Dodging
  4987 | D:6      | Noticed Jeremiah
  5004 | D:6      | Killed Jeremiah
  5005 | D:6      | Reached skill level 6 in Dodging
  5005 | D:6      | Reached skill level 8 in Shapeshifting
  5005 | D:6      | Reached XP level 8. HP: 30/37 MP: 9/9
  5219 | D:6      | Found a shimmering altar of Xom.
  5229 | D:6      | You add the spells Ozocubu's Armour and Ozocubu's
                  | Refrigeration to your library.
  5256 | D:6      | Found a sparkling altar of Nemelex Xobeh.
  5381 | D:7      | Found a staircase to the Ecumenical Temple.
  5408 | D:7      | Reached skill level 7 in Dodging
  5458 | D:7      | Found a hazy altar of Hepliaklqana.
  5482 | D:7      | Found a large runed translucent door.
  5482 | D:7      | Found a large runed translucent door.
  5486 | D:7      | Noticed hgbash's ghost (novice VSSh)
  5810 | D:7      | Found a glowing golden altar of the Shining One.
  5896 | D:7      | Found Hyemaet's Weapon Emporium.
  6032 | D:7      | Reached skill level 9 in Shapeshifting
  6238 | D:8      | Found a sand-covered staircase.
  6297 | Ossuary  | Entered an ossuary
  6315 | Ossuary  | Reached ** piety under Dithmenos
  6550 | D:8      | Reached skill level 8 in Dodging
  6667 | D:8      | Found a white marble altar of Elyvilon.
  6763 | D:8      | Found a broken altar of Ashenzari.
  6839 | D:8      | Found a hide-covered altar of Uskayaw.
  6846 | D:8      | HP: 9/37 [acid (5)]
  7052 | D:8      | Reached XP level 9. HP: 40/40 MP: 10/10
  7062 | D:8      | Found a snail-covered altar of Cheibriados.
  7284 | D:9      | Noticed Maggie
  7294 | D:9      | Killed from afar by Maggie

Vanquished Creatures
  Jeremiah (D:6)
  Grinder (D:3)
  Edmund (D:4)
  An acid dragon (D:8)
  A black bear (D:5)
  An ogre (D:6)
  2 centaurs
  2 kobold brigands (D:8)
  A bullfrog (D:7)
  A scorpion (D:6)
  2 hounds
  A human zombie (Ossuary)
  2 orc priests (D:5)
  3 sleepcaps
  3 jellies
  An iron imp (D:8)
  3 iguanas
  3 orc wizards
  2 mummies (Ossuary)
  3 gnolls (D:6)
  7 adders
  A shadow imp (D:7)
  2 ufetubi (D:5)
  2 worms
  A dart slug (D:2)
  14 orcs
  4 ball pythons
  7 endoplasms
  3 giant cockroaches (D:1)
  3 gnoll zombies (Ossuary)
  9 goblins
  7 hobgoblins
  4 jackals (D:2)
  14 kobolds
  5 quokkas
  7 bats
  4 frilled lizards
  3 goblin zombies (Ossuary)
  3 hobgoblin zombies (Ossuary)
  4 orc zombies (Ossuary)
  A rat (D:1)
  A spectral goblin (D:7)
141 creatures vanquished.

Table legend:
 A = Non-vault XP
 B = Vault XP
 C = Vault XP percentage of total XP
 D = Non-vault monster count
 E = Vault monster count
 F = Vault count percentage of total count
                 A         B        C        D         E       F
            +---------+---------+-------+---------+---------+-------
      Total |    1926 |     949 |  33.0 |     119 |      22 |  15.6
            +---------+---------+-------+---------+---------+-------
        D:1 |      36 |       0 |   0.0 |      23 |       0 |   0.0
        D:2 |      73 |       0 |   0.0 |      19 |       0 |   0.0
        D:3 |      33 |     267 |  89.0 |      11 |       1 |   8.3
        D:4 |      57 |     169 |  74.8 |       8 |       1 |  11.1
        D:5 |     440 |       0 |   0.0 |      16 |       0 |   0.0
        D:6 |     291 |     377 |  56.4 |       7 |       1 |  12.5
        D:7 |     461 |       3 |   0.6 |      14 |       2 |  12.5
        D:8 |     535 |      39 |   6.8 |      21 |       1 |   4.5
    Ossuary |       0 |      94 | 100.0 |       0 |      16 | 100.0
            +---------+---------+-------+---------+---------+-------

Skill      XL: |  1  2  3  4  5  6  7  8 |
---------------+-------------------------+-----
Unarmed Combat | 3 5 6 |  6.0
Shapeshifting  | 5 6 8 9 |  9.8
Dodging        | 3 6 8 |  8.8
Fighting       | |  0.7

Action                     |  1- 3 |  4- 6 |  7- 9 || total
---------------------------+-------+-------+-------++-------
  Melee: Unarmed           |   114 |    93 |   356 ||   563
         Punch             |     1 |     2 |    17 ||    20
         Maw               |       |       |     6 ||     6
    Use: Potion            |       |     6 |     4 ||    10
         Scroll            |       |       |     8 ||     8
   Stab: Sleeping          |     4 |     3 |     4 ||    11
         Invisible         |       |       |     4 ||     4
 Armour: Animal skin       |    30 |    13 |    99 ||   142
         Skin              |       |    27 |     2 ||    29
  Dodge: Dodged            |    80 |    54 |   339 ||   473
   Form: Beast             |       |     3 |       ||     3
                           |       |     2 |       ||     2
         Maw               |       |       |     1 ||     1

Illustrated notes

Table legend:
 A = Kills in this place as a percentage of kills in the entire game.
 B = Kills by you in this place as a percentage of kills by you in the entire game.
 C = Kills by friends in this place as a percentage of kills by friends in the entire game.
 D = Other kills in this place as a percentage of other kills in the entire game.
 E = Experience gained in this place as a percentage of experience gained in the entire game.
 F = Experience gained in this place divided by the number of levels of this place that you have seen.
                   A       B       C       D       E      F
               +-------+-------+-------+-------+-------+----------------------
         Total | 100.0 | 100.0 |   N/A |   N/A | 100.0 | 287.5
       Dungeon |  88.7 |  88.7 |   N/A |   N/A |  96.7 | 309.0
       Ossuary |  11.3 |  11.3 |   N/A |   N/A |   3.3 |  94.0
               +-------+-------+-------+-------+-------+----------------------

Table legend: (Time is in decaauts)
 A = Elapsed time spent in this place.
 B = Non-inter-level travel time spent in this place.
 C = Inter-level travel time spent in this place.
 D = Time resting spent in this place.
 E = Time spent auto-exploring this place.
 F = Levels seen in this place.
 G = Mean time per level.
                   A        B        C        D        E       F      G
               +--------+--------+--------+--------+--------+-----+--------+
         Total |   4910 |   4742 |    168 |    230 |   3399 |  10 |  491.0 |
       Dungeon |   4791 |   4623 |    168 |    230 |   3346 |   9 |  532.3 |
       Ossuary |    119 |    119 |      0 |      0 |     52 |   1 |  119.0 |
               +--------+--------+--------+--------+--------+-----+--------+

Top non-repeatable levels by time:
     D:2: 774 daAuts
     D:5: 673 daAuts
     D:1: 627 daAuts
     D:4: 597 daAuts
     D:7: 596 daAuts
     D:8: 577 daAuts
     D:3: 480 daAuts
     D:6: 457 daAuts
 Ossuary: 119 daAuts
     D:9: 7 daAuts
